 Dungeon Crawl Stone Soup version 0.19-a0-944-gb338e1e (webtiles) character file.

14460 George the Fencer (level 11, -6/97 HPs)
             Began as a Minotaur Fighter on July 8, 2016.
             Was the Champion of Okawaru.
             Mangled by Snorg (19 damage)
             ... on level 12 of the Dungeon.
             The game lasted 00:28:29 (9928 turns).

George the Fencer (Minotaur Fighter)                Turns: 9928, Time: 00:28:29

Health: -6/97      AC: 26    Str: 25    XL:     11   Next: 89%
Magic:  12/14      EV: 10    Int: 11    God:    Okawaru [******]
Gold:   802        SH:  0    Dex: 11    Spells: 0 memorised, 10 levels left

rFire  + + .     SeeInvis .     Q - +1 great sword (slice)
rCold  + . .     Gourm    .     N - +1 gold dragon armour
rNeg   . . .     Faith    .     (shield currently unavailable)
rPois  +         Spirit   .     y - +2 hat
rElec  .         Dismiss  .     C - -1 cloak "Heoghobe" {rF+ MR+ Str+2}
rCorr  .         Reflect  .     v - +2 pair of gloves
SustAt +         Harm     .     (no boots)
MR     +....                    (no amulet)
Stlth  ..........               X - ring of sustain attributes
                                V - +6 ring of intelligence

@: heroism, somewhat resistant to hostile enchantments, extremely unstealthy
A: retaliatory headbutt, horns 2
a: Heroism, Finesse, Renounce Religion


You were on level 12 of the Dungeon.
You worshipped Okawaru.
Okawaru was exalted by your worship.
You were not hungry.

You visited 2 branches of the dungeon, and saw 13 of its levels.
You also visited: Bailey.

You collected 982 gold pieces.
You spent 180 gold pieces at shops.

Inventory:

Hand Weapons
 F - a +0 scimitar
 J - a +0 rapier
 Q - a +1 great sword of slicing (weapon)
Armour
 v - a +2 pair of gloves (worn)
 y - a +2 hat (worn)
 C - the -1 cloak "Heoghobe" (worn) {rF+ MR+ Str+2}
   (You found it in a bailey)

   It affects your strength (+2).
   It protects you from fire.
   It affects your resistance to hostile enchantments.
 N - a +1 gold dragon armour (worn)
 T - a +0 large shield
Rods
 R - a +3 iron rod (11/11)
   (You found it on level 6 of the Dungeon)
Jewellery
 V - a +6 ring of intelligence (left hand)
 X - a ring of sustain attributes (right hand)
Wands
 A - a wand of paralysis (9/24)
 E - a wand of slowing (29/48)
 G - a wand of lightning (7/15)
 K - a wand of confusion (6/48)
 M - a wand of disintegration (10/24)
 W - a wand of digging (15/24)
Scrolls
 j - 5 scrolls of teleportation
 l - 5 scrolls of remove curse
 o - a scroll of identify
 B - a scroll of recharging
 P - a scroll of summoning
 U - a scroll of fear
 Z - a scroll of holy word
Potions
 d - 2 potions of might
 g - 3 potions of curing
 D - a potion of berserk rage
 H - 4 potions of ambrosia
 I - 2 potions of magic
 L - 4 potions of heal wounds
 S - a potion of resistance
Comestibles
 f - 6 bread rations
 n - 2 meat rations
 O - 2 slices of pizza
 Y - a chunk of flesh


   Skills:
 + Level 9.1(14.1) Fighting
 + Level 15.5(20.5) Long Blades
 + Level 9.1(14.1) Armour
 + Level 7.4(12.4) Dodging
 - Level 4.6(9.6) Shields
 + Level 6.4 Invocations


You had 10 spell levels left.
You didn't know any spells.

Dungeon Overview and Level Annotations

Branches:
Dungeon (12/15)            Temple (1/1) D:7            Lair (0/6) D:11
    Orc (0/2) D:9

Altars:
Ashenzari
Cheibriados
Dithmenos
Elyvilon
Fedhas
Gozag
Hepliaklqana
Kikubaaqudgha
Makhleb
Nemelex Xobeh
Okawaru
Pakellas
Qazlal
Ru
Sif Muna
Trog
Uskayaw
Vehumet
Xom
Yredelemnul
Zin
The Shining One

Shops:
D:7 [   D:9 ***   D:12 =

Annotations:
D:12 Snorg


Innate Abilities, Weirdness & Mutations

You reflexively headbutt those who attack you in melee.
You have a pair of horns on your head.


Message History

Snorg bites you. Snorg claws you. x2
You hit Snorg.
Snorg is severely wounded.
Snorg closely misses you. Snorg claws you but does no damage. x2
You hit Snorg. Your headbutt misses Snorg.
Snorg is almost dead.
Snorg bites you. Snorg barely misses you. Snorg claws you. Snorg bites you!
* * * LOW HITPOINT WARNING * * *
Snorg barely misses you. Snorg claws you but does no damage. Snorg bites you!
* * * LOW HITPOINT WARNING * * *
Snorg claws you but does no damage. Snorg closely misses you.
You gain the combat prowess of a mighty hero.
Snorg bites you but does no damage. Snorg claws you but does no damage.
Snorg closely misses you.
Your gold dragon armour prevents you from hitting Snorg.
You headbutt Snorg!
Snorg is almost dead.
Snorg bites you!!
You die...

#......#......# #...
#......#......####...
#..........>.........
#.....##########.####
#.......∩...÷### #..#
###.########...#.#..#
#........#.....#.#..#
##..........#.........
#....@......####......
#....T................
#.....###.######......
#.....# #............<
#.....# ########......
#.....# #......
#.....# ###....
#.....# ...### #.....#
....


You could see Snorg (berserk).

Vanquished Creatures
  A catoblepas (D:9)
  Sonja (D:12)
  A hill giant (D:10)
  An orc knight (Bailey)
  An ugly thing (D:12)
  A cyclops (D:11)
  A redback zombie (D:10)
  5 slime creatures (D:11)
  A vampire (D:10)
  12 yaks (D:10)
  Eustachio (D:5)
  A wyvern (D:10)
  A human (D:7)
  4 hungry ghosts
  Menkaure (D:6)
  3 mottled dragons
  2 water moccasins
  2 ice beasts
  8 orc warriors
  A wasp (D:9)
  A phantom (D:9)
  5 sky beasts
  2 ogres
  11 centaurs
  A big kobold (D:10)
  4 crocodiles
  6 giant frogs
  A water moccasin zombie (D:7)
  A wyvern skeleton (D:11)
  3 troll zombies (D:9)
  2 scorpions
  12 killer bees
  5 wights (D:11)
  A giant frog zombie (D:7)
  4 crimson imps
  12 orc priests
  2 hounds
  7 jellies
  A centaur skeleton (D:10)
  2 centaur zombies
  A giant frog skeleton (D:6)
  Terence (D:3)
  7 iguanas
  15 orc wizards
  8 worker ants
  4 sheep (D:7)
  3 ogre zombies (D:9)
  A howler monkey skeleton (D:8)
  4 river rats (D:11)
  9 adders
  2 shadow imps
  4 oozes
  An adder zombie (D:7)
  An adder skeleton (D:9)
  2 worms
  5 giant geckos
  41 orcs
  15 bats
  4 giant cockroaches
  6 goblins
  4 hobgoblins
  8 jackals
  14 kobolds
  6 quokkas
  2 ball pythons
  6 giant newts
  A goblin skeleton (D:9)
  2 goblin zombies (D:9)
  3 hobgoblin zombies (D:9)
  An orc skeleton (D:9)
  12 orc zombies (D:9)
  5 rats
330 creatures vanquished.

Vanquished Creatures (collateral kills)
  3 orcs (D:8)
3 creatures vanquished.

Vanquished Creatures (others)
  A human (D:5)
  A bat (D:11)
  3 rats (D:11)
  11 fungi
  3 plants (D:11)
19 creatures vanquished.

Grand Total: 352 creatures vanquished

Notes
Turn   | Place    | Note
-------+----------+-------------------------------------------
     0 | D:1      | George the Minotaur Fighter began the quest for the Orb.
     0 | D:1      | Reached XP level 1. HP: 19/19 MP: 0/0
   216 | D:1      | Reached skill level 3 in Long Blades
   381 | D:1      | Reached XP level 2. HP: 25/26 MP: 1/1
   806 | D:2      | Reached skill level 4 in Long Blades
   827 | D:2      | Reached XP level 3. HP: 31/31 MP: 2/2
   868 | D:2      | Found a glowing golden altar of the Shining One.
  1373 | D:2      | Reached skill level 5 in Long Blades
  1530 | D:3      | Reached XP level 4. HP: 39/39 MP: 3/3
  1650 | D:3      | Noticed Terence
  1660 | D:3      | Killed Terence
  1660 | D:3      | Reached skill level 6 in Long Blades
  1745 | D:3      | Reached XP level 5. HP: 45/45 MP: 4/4
  1899 | D:4      | Reached skill level 7 in Long Blades
  1930 | D:4      | Got a smelly ring mail
  1951 | D:4      | Identified the +7 ring mail "Xercheabli" {+Inv rF+ Int-2 Dex+2} (You found it on level 4 of the Dungeon)
  2115 | D:4      | Reached XP level 6. HP: 49/51 MP: 5/5
  2199 | D:4      | Reached skill level 8 in Long Blades
  2292 | D:5      | Entered Level 5 of the Dungeon
  2331 | D:5      | Found an ancient bone altar of Kikubaaqudgha.
  2332 | D:5      | Noticed a human
  2335 | D:5      | Killed a human
  2348 | D:5      | Noticed an ice beast
  2358 | D:5      | Killed an ice beast
  2390 | D:5      | Reached skill level 9 in Long Blades
  2408 | D:5      | Found a radiant altar of Vehumet.
  2441 | D:5      | Reached XP level 7. HP: 57/57 MP: 6/6
  2624 | D:5      | Found a sparkling altar of Nemelex Xobeh.
  2802 | D:5      | Noticed Eustachio
  2839 | D:5      | Killed Eustachio
  2839 | D:5      | Reached skill level 10 in Long Blades
  2975 | D:6      | Noticed Menkaure
  2982 | D:6      | Killed Menkaure
  2982 | D:6      | Reached skill level 11 in Long Blades
  2982 | D:6      | Reached XP level 8. HP: 52/64 MP: 7/7
  3182 | D:6      | Reached skill level 12 in Long Blades
  3880 | D:7      | Reached skill level 13 in Long Blades
  3967 | D:7      | Found a staircase to the Ecumenical Temple.
  3998 | D:7      | Reached XP level 9. HP: 63/70 MP: 8/8
  4017 | Temple   | Entered the Ecumenical Temple
  4114 | Temple   | Became a worshipper of Warmaster Okawaru
  4452 | D:7      | Found Ystetola's Antique Armour Emporium.
  4461 | D:7      | Reached skill level 1 in Dodging
  4516 | D:7      | Reached skill level 1 in Invocations
  4586 | D:7      | Bought a faintly glowing scale mail for 180 gold pieces
  4597 | D:7      | Identified the +3 scale mail of Pessimism {rElec MR- Regen+} (You bought it in a shop on level 7 of the Dungeon)
  4632 | D:8      | Reached * piety under Okawaru
  4635 | D:8      | Reached skill level 14 in Long Blades
  4746 | D:8      | Found a burning altar of Makhleb.
  5024 | D:8      | Identified a scroll of acquirement
  5161 | D:9      | Found a staircase to the Orcish Mines.
  5169 | D:9      | Reached skill level 5 in Fighting
  5169 | D:9      | Reached skill level 5 in Armour
  5175 | D:9      | Reached ** piety under Okawaru
  5379 | D:9      | Found Tuopp's Distillery.
  5425 | D:9      | Reached XP level 10. HP: 79/81 MP: 11/11
  5512 | D:9      | Found Leisymur's General Store.
  5691 | D:9      | Found Opnytouf's General Store.
  5860 | D:9      | Found Ocikonuh's General Store.
  5978 | D:9      | Noticed a catoblepas
  5991 | D:9      | Killed a catoblepas
  5991 | D:9      | Reached *** piety under Okawaru
  6364 | D:10     | Entered Level 10 of the Dungeon
  6525 | D:10     | Reached **** piety under Okawaru
  6525 | D:10     | Reached skill level 5 in Dodging
  6574 | D:10     | Noticed a hill giant
  6592 | D:10     | Killed a hill giant
  6733 | D:10     | Reached skill level 5 in Invocations
  6737 | D:10     | Reached ***** piety under Okawaru
  6737 | D:10     | Reached XP level 11. HP: 81/92 MP: 13/13
  6895 | D:10     | Reached skill level 15 in Long Blades
  7533 | D:11     | HP: 4/93 [centaur/arrow (9)]
  7830 | D:11     | Found a staircase to the Lair.
  7925 | D:11     | Found a flagged portal.
  7934 | Bailey   | Entered a bailey
  8118 | Bailey   | Noticed an orc knight
  8487 | Bailey   | Got a heavily runed cloak
  8493 | Bailey   | Identified the -1 cloak "Heoghobe" {rF+ MR+ Str+2} (You found it in a bailey)
  8522 | Bailey   | Noticed an orc knight
  8537 | Bailey   | Killed an orc knight
  9633 | D:12     | Noticed Sonja
  9643 | D:12     | Noticed a green ugly thing
  9650 | D:12     | Killed a green ugly thing
  9650 | D:12     | Reached ****** piety under Okawaru
  9650 | D:12     | Received a gift from Okawaru
  9666 | D:12     | Killed Sonja
  9672 | D:12     | Got a faintly humming chain mail {god gift}
  9683 | D:12     | Identified the +5 chain mail "Onnuf" {Int-2 Dex+2 Stlth+} (Okawaru gifted it to you on level 12 of the Dungeon)
  9889 | D:12     | Found Musi's Jewellery Boutique.
  9915 | D:12     | Noticed Snorg
  9928 | D:12     | Mangled by Snorg

Vault maps used:
D:1:      minmay_arrival_arboretum_small
D:2:      lemuel_tele_altar
D:3:      minmay_splitting_lines, kennysheep_generic_room_12, uniq_terence
D:4:      kennysheep_decorative_pillar
D:5:      lemuel_crystal_altar, first_bread, basic_altar, tgw_kikubaaqudgha,
          uniq_eustachio
D:6:      serial_aquarium, aquarium_bridge_square, aquarium_bridge_square,
          aquarium_window_corner, aquarium_window_fake, aquarium_window_2,
          aquarium_view_2f, aquarium_view_2d, aquarium_balcony_5a, uniq_menkaure
D:7:      serial_corexii_hall, corexii_hall_statues_deadend,
          corexii_hall_statues_x, serial_shops, shop_coins, grunt_livestock,
          minmay_crossroads
D:8:      lemuel_round_altar
D:9:      zombieorc1_lemuel, serial_shops, nicolae_shop_crystal,
          nicolae_shop_crystal, kennysheep_mini_moat, shop,
          minmay_misc_feat_ornament, lightli_corner_chamber
D:11:     grunt_lair_entry_orc_guard_hut, enter_bailey_2, minivault_23
D:12:     serial_shops, shop, uniq_sonja, uniq_snorg
Temple:   regret_index_temple_chain_breaker
Bailey:   bailey_polearm_1, bailey

Skill      XL: |  1  2  3  4  5  6  7  8  9 10 11 |
---------------+----------------------------------+-----
Long Blades    | 3 4 5 6 7 9 11 13 14 15 | 15.5
Dodging        | 3 5 7 |  7.4
Fighting       | 5 7 9 |  9.1
Armour         | 5 7 9 |  9.1
Shields        | 4 |  4.6
Invocations    | 3 5 6 |  6.4

Action                   |  1- 3 |  4- 6 |  7- 9 | 10-12 || total
-------------------------+-------+-------+-------+-------++-------
Melee: Long sword        |   113 |   104 |       |       ||   217
       Headbutt          |    13 |    21 |    76 |    99 ||   209
       Scimitar          |       |       |   290 |       ||   290
       Great sword       |       |       |    87 |   532 ||   619
Invok: Heroism           |       |       |       |     2 ||     2
Evoke: Wand              |       |       |       |     3 ||     3
       Rod               |       |       |       |     3 ||     3
  Use: Scroll            |       |       |    20 |     3 ||    23
 Stab: Distracted        |       |       |     1 |       ||     1
  Eat: Chunk             |     2 |     3 |     9 |    12 ||    26
       Pizza             |       |       |     1 |       ||     1
       Beef jerky        |       |       |     1 |       ||     1
       Bread ration      |       |       |       |     2 ||     2
       Royal jelly       |       |       |       |     1 ||     1
Armor: Scale mail        |    41 |    15 |    61 |   194 ||   311
       Crystal plate arm |       |    15 |       |       ||    15
       Ring mail         |       |    20 |   128 |       ||   148
       Gold dragon armou |       |       |       |    82 ||    82
Dodge: Dodged            |    34 |    22 |   121 |   302 ||   479
Block: Shield            |    39 |    40 |   151 |       ||   230
